 Dungeon Crawl Stone Soup version 0.20-a0-622-g01f5896 (webtiles) character file.

24218 TuxedoFelix the Cleaver (level 12, -8/172 HPs)
             Began as a Minotaur Berserker on Feb 9, 2017.
             Was a High Priest of Trog.
             Mangled by a death yak (19 damage)
             ... on level 4 of the Lair of Beasts.
             The game lasted 01:30:17 (14136 turns).

TuxedoFelix the Cleaver (Minotaur Berserker)       Turns: 14136, Time: 01:30:18

Health: -8/172     AC: 15    Str: 35    XL:     12   Next: 78%
Magic:  3/3        EV: 20    Int:  4    God:    Trog [*****.]
Gold:   357        SH:  0    Dex:  9    Spells: 11/11 levels left

rFire    + . .     SeeInvis .   q - +6 glaive (antimagic)
rCold    + . .     Gourm    +   O - +3 chain mail of the Ant {rPois Str+2}
rNeg     + . .     Faith    .   (shield currently unavailable)
rPois    +         Spirit   .   F - -2 hat of the Alchemist {rElec rPois rF+ rC+ rN+ MR+ rMut rCorr}
rElec    +         Reflect  .   (no cloak)
rCorr    +         Harm     .   (no gloves)
rMut     +                      c - +0 pair of boots
MR       +....                  Z - amulet of the gourmand
Stlth    ..........             (no ring)
Regen    0.4/turn               o - +6 ring of evasion

@: berserking (expiring), slowed
A: retaliatory headbutt, horns 2
a: Berserk, Trog's Hand, Brothers in Arms, Burn Spellbooks, Renounce Religion


You were on level 4 of the Lair of Beasts.
You worshipped Trog.
Trog was extremely pleased with you.
You were very full.

You visited 2 branches of the dungeon, and saw 13 of its levels.
You also visited: Sewer and Volcano.

You collected 727 gold pieces.
You spent 370 gold pieces at shops.

Inventory:

Hand Weapons
 q - a +6 antimagic glaive (weapon)
 w - a +0 war axe of electrocution
Missiles
 e - 6 tomahawks (quivered)
Armour
 c - a +0 pair of boots (worn)
 B - a +2 ring mail of fire resistance
 F - the -2 hat of the Alchemist (worn) {rElec rPois rF+ rC+ rN+ MR+ rMut rCorr}
   (You found it on level 4 of the Lair of Beasts)

   It protects you from fire.
   It protects you from cold.
   It insulates you from electricity.
   It protects you from poison.
   It protects you from negative energy.
   It affects your resistance to hostile enchantments.
   It protects you from acid and corrosion.
   It protects you from mutation.
 O - the +3 chain mail of the Ant (worn) {rPois Str+2}
   (You found it on level 9 of the Dungeon)

   It affects your strength (+2).
   It protects you from poison.
Jewellery
 o - a +6 ring of evasion (left hand)
 D - the amulet "Pofeich" {RegenMP Dex+3}
   (You found it on level 5 of the Dungeon)

   [amulet of magic regeneration]

   It increases your magic regeneration.
   It affects your dexterity (+3).
 Z - an amulet of the gourmand (around neck)
Wands
 v - a wand of flame (33/48)
 y - a wand of acid (8/15)
 J - a wand of iceblast (0/15)
 L - a wand of random effects (30/48)
 M - a wand of polymorph (11/24)
 R - a wand of lightning (8/15)
 T - a wand of confusion (10/48)
Scrolls
 d - 4 scrolls of remove curse
 f - 3 scrolls of enchant weapon
 h - 2 scrolls of enchant armour
 i - 3 scrolls of fog
 j - 2 scrolls of noise {unknown}
 k - a scroll of recharging {unknown}
 m - 2 scrolls of blinking
 n - 3 scrolls of fear
 r - a scroll of magic mapping {unknown}
 H - 2 scrolls of teleportation
 I - 3 scrolls of immolation {unknown}
 X - a scroll of silence {unknown}
Potions
 a - 2 potions of cancellation
 b - 2 potions of invisibility {unknown}
 g - 5 potions of curing
 l - 5 potions of heal wounds
 s - 3 potions of agility
 u - a potion of brilliance {unknown}
 x - 2 potions of flight {unknown}
 z - 2 potions of ambrosia {unknown}
 A - a potion of lignification {unknown}
 C - 2 potions of haste
 G - 2 potions of mutation {unknown}
 Q - 2 potions of resistance {unknown}
Miscellaneous
 N - a phantom mirror
Comestibles
 E - 7 fruits
 K - 3 bread rations
 S - a royal jelly


   Skills:
 + Level 13.0 Fighting
 + Level 13.5(13.6) Axes
 + Level 2.6(9.3) Polearms
 + Level 12.9 Armour
 - Level 11.3 Dodging
 - Level 1.7 Stealth


You had 11 spell levels left.
You didn't know any spells.

Dungeon Overview and Level Annotations

Branches:
Dungeon (9/15)             Temple (0/1) D:4            Lair (4/6) D:9
  Snake (0/4) Lair:4
  Swamp: Lair:2-4    Shoals: Lair:2-4       Orc: D:9-12

Altars:
Dithmenos
Elyvilon
Hepliaklqana
Makhleb
Okawaru
Vehumet
Yredelemnul
The Shining One

Shops:
D:4 ?   D:7 *

Annotations:
Lair:4 exclusion: oklob plant


Innate Abilities, Weirdness & Mutations

You reflexively headbutt those who attack you in melee.
You have a pair of horns on your head.


Message History

* * * LOW HITPOINT WARNING * * *
You are too berserk!
You are too berserk!
You slice the naga!! Your headbutt misses the naga.
The naga is severely wounded.
Your two-headed ogre rages.
The naga closely misses you. You furiously retaliate!
You headbutt the naga!
You kill the naga!
Trog accepts your kill. The death yak closely misses you.
You furiously retaliate!
You headbutt the death yak. The naga barely misses you.
The death yak gores you!
* * * LOW HITPOINT WARNING * * *
You hit the death yak.
The death yak is lightly wounded.
Your two-headed ogre rages.
The death yak gores you.
* * * LOW HITPOINT WARNING * * *
The death yak gores you!!
You die...

....... ......
.. #....#
##.≈≈Y #....#
.≈≈Y≈≈
#....##.≈≈≈.P
###......≈≈≈...
#O#YY..w.≈≈....
##@YY....≈≈N..>
##Yr....≈≈.≈..
#tN..$.≈≈≈...
##.......≈≈≈.≈
##.....#.#.≈≈≈≈
#......### .≈≈≈
##.....## #≈#
###....P# #
#.#)...##


You could see 3 death yaks, a torpor snail, 2 yaks, a crocodile, a naga, a
porcupine and a friendly two-headed ogre (berserk).

Vanquished Creatures
  Gastronok (D:9)
  The ghost of George the Fencer, a journeyman MiFi of Okawaru (Lair:1)
  A hydra (Lair:4)
  3 death yaks (Lair:4)
  A two-headed ogre (D:8)
  Sonja (Lair:1)
  A fire crab (Volcano)
  2 rime drakes
  A gargoyle (Volcano)
  6 spiny frogs
  2 komodo dragons (Lair:4)
  4 polar bears (Lair:1)
  Prince Ribbit (D:6)
  2 hippogriffs
  7 blink frogs
  Sigmund (D:6)
  A spriggan (D:7)
  12 yaks
  2 basilisks
  5 fire bats (Volcano)
  Grum (D:9)
  A wyvern (D:8)
  A steam dragon (D:9)
  A hungry ghost (D:8)
  2 nagas (Lair:4)
  8 water moccasins
  3 hell hounds
  7 porcupines
  Purgy (Sewer)
  An ice beast (D:5)
  3 black bears
  2 orc warriors
  A sky beast (D:6)
  A phantom (D:9)
  11 wolves
  5 ogres
  5 centaurs
  3 crocodiles
  A big kobold (Sewer)
  12 bullfrogs
  A wyvern zombie (D:7)
  3 scorpions
  7 wights
  8 killer bees
  3 howler monkeys (D:8)
  3 crimson imps
  5 lava snakes (Volcano)
  2 jellies
  3 orc priests
  4 hounds
  4 orc wizards
  Jessica (D:2)
  Natasha (D:2)
  8 worker ants
  Robin (D:2)
  A worker ant zombie (D:8)
  10 adders
  7 gnolls
  2 river rats (D:4)
  2 adder zombies (D:8)
  2 oozes
  An adder skeleton (D:6)
  A worm (D:2)
  3 dart slugs
  2 leopard geckos
  31 orcs
  2 ball pythons (D:4)
  2 bats (D:1)
  2 giant cockroaches
  15 goblins
  9 hobgoblins
  11 jackals
  6 quokkas
  4 frilled lizards
  A jackal skeleton (D:7)
  A jackal zombie (D:6)
  9 kobolds
  2 quokka zombies
  8 rats
  2 plants
315 creatures vanquished.

Vanquished Creatures (collateral kills)
  A lindwurm (Volcano)
  2 hell hounds (Volcano)
3 creatures vanquished.

Vanquished Creatures (others)
  A bush (Lair:4)
  4 fungi
  9 plants
14 creatures vanquished.

Grand Total: 332 creatures vanquished

Notes
Turn   | Place    | Note
-------+----------+-------------------------------------------
     0 | D:1      | TuxedoFelix the Minotaur Berserker began the quest for the Orb.
     0 | D:1      | Reached XP level 1. HP: 19/19 MP: 0/0
   113 | D:1      | Reached XP level 2. HP: 6/27 MP: 1/1
  1060 | D:1      | Reached XP level 3. HP: 33/33 MP: 2/2
  1242 | D:2      | Found a basalt altar of Yredelemnul.
  1337 | D:2      | Reached ** piety under Trog
  1433 | D:2      | Noticed Robin
  1434 | D:2      | Noticed Jessica
  1446 | D:2      | Reached skill level 5 in Axes
  1446 | D:2      | Reached XP level 4. HP: 40/40 MP: 3/3
  1449 | D:2      | Killed Jessica
  1454 | D:2      | Killed Robin
  1642 | D:2      | Noticed Natasha
  1654 | D:2      | Killed Natasha
  1654 | D:2      | Reached skill level 1 in Stealth
  1654 | D:2      | Reached XP level 5. HP: 47/47 MP: 4/4
  1770 | D:2      | Found a glowing golden altar of the Shining One.
  1774 | D:2      | Noticed an angel
  2862 | D:4      | Noticed a centaur
  2867 | D:4      | Killed a centaur
  2867 | D:4      | Reached XP level 6. HP: 34/53 MP: 5/5
  2968 | D:4      | Found a glowing drain.
  3150 | Sewer    | Entered a sewer
  3180 | Sewer    | Reached skill level 5 in Fighting
  3298 | Sewer    | Reached *** piety under Trog
  3317 | Sewer    | Noticed Purgy
  3326 | Sewer    | Killed Purgy
  3326 | Sewer    | Reached XP level 7. HP: 61/61 MP: 6/6
  3404 | D:4      | Found a staircase to the Ecumenical Temple.
  3555 | D:4      | You fall through a shaft for 2 floors!
  3561 | D:6      | Found an iron altar of Okawaru.
  3649 | D:6      | Reached skill level 5 in Armour
  4151 | D:6      | Noticed Prince Ribbit
  4250 | D:6      | Noticed Sigmund
  4856 | D:6      | Reached XP level 8. HP: 70/70 MP: 7/7
  5236 | D:6      | Killed Prince Ribbit
  5236 | D:6      | Reached skill level 5 in Dodging
  5344 | D:6      | Killed Sigmund
  5418 | D:5      | Entered Level 5 of the Dungeon
  5750 | D:5      | Got a brightly glowing amethyst amulet
  5771 | D:5      | Found a burning altar of Makhleb.
  6376 | D:4      | Found Huwnovvi's Magic Scroll Emporium.
  6378 | D:4      | Bought a scroll of fear for 35 gold pieces
  6378 | D:4      | Bought a scroll of identify for 20 gold pieces
  6378 | D:4      | Bought a scroll of blinking for 75 gold pieces
  6378 | D:4      | Bought a scroll of identify for 20 gold pieces
  6378 | D:4      | Bought a scroll of identify for 20 gold pieces
  6378 | D:4      | Bought a scroll of brand weapon for 200 gold pieces
  6378 | D:4      | Identified the amulet "Pofeich" {RegenMP Dex+3} (You found it on level 5 of the Dungeon)
  6424 | D:4      | Found a shadowy altar of Dithmenos.
  6684 | D:7      | Reached XP level 9. HP: 79/79 MP: 8/8
  6882 | D:7      | Reached **** piety under Trog
  6903 | D:7      | Found Lebiff's General Store.
  7411 | D:7      | Found a white marble altar of Elyvilon.
  7411 | D:7      | Found a radiant altar of Vehumet.
  8034 | D:8      | Reached skill level 10 in Axes
  8101 | D:8      | Reached XP level 10. HP: 77/90 MP: 9/9
  8326 | D:8      | Noticed a two-headed ogre
  8333 | D:8      | Killed a two-headed ogre
  8460 | D:8      | Found a hazy altar of Hepliaklqana.
  8764 | D:9      | Identified An Introduction to the Arcane Arts
  8793 | D:9      | Got a jewelled chain mail
  8817 | D:9      | Identified the +3 chain mail of the Ant {rPois Str+2} (You found it on level 9 of the Dungeon)
  8951 | D:9      | Noticed Gastronok
  9336 | D:9      | Reached ***** piety under Trog
  9340 | D:9      | Noticed Grum
  9354 | D:9      | Killed Grum
  9459 | D:9      | Killed Gastronok
  9459 | D:9      | Reached skill level 10 in Fighting
  9459 | D:9      | Reached skill level 10 in Armour
  9459 | D:9      | Reached XP level 11. HP: 101/101 MP: 10/10
  9520 | D:9      | Found a staircase to the Lair.
  9709 | Lair:1   | Entered Level 1 of the Lair of Beasts
 10039 | Lair:1   | Noticed George's ghost (journeyman MiFi)
 10054 | Lair:1   | Killed George's ghost
 10099 | Lair:1   | Noticed Sonja
 10113 | Lair:1   | Killed Sonja
 10865 | Lair:2   | Reached skill level 10 in Dodging
 11326 | Lair:2   | Found a dark tunnel.
 11333 | Volcano  | Entered a volcano
 11692 | Volcano  | Found a burning altar of Makhleb.
 11692 | Volcano  | Noticed a lindwurm
 11709 | Volcano  | Killed a lindwurm
 12068 | Volcano  | Noticed a fire crab
 12075 | Volcano  | Killed a fire crab
 12327 | Volcano  | Reached XP level 12. HP: 112/112 MP: 11/11
 13180 | Lair:3   | Noticed an eight-headed hydra
 13365 | Lair:3   | Received a gift from Trog
 13390 | Lair:3   | Noticed a six-headed hydra
 13424 | Lair:4   | Killed an 11-headed hydra
 14110 | Lair:4   | Noticed a death yak
 14111 | Lair:4   | Noticed a death yak
 14111 | Lair:4   | Noticed a death yak
 14112 | Lair:4   | Found a staircase to the Snake Pit.
 14113 | Lair:4   | Noticed a death yak
 14114 | Lair:4   | Noticed a death yak
 14115 | Lair:4   | Noticed a death yak
 14128 | Lair:4   | Killed a death yak
 14128 | Lair:4   | Reached skill level 1 in Polearms
 14130 | Lair:4   | Killed a death yak
 14133 | Lair:4   | Killed a death yak
 14136 | Lair:4   | Mangled by a death yak

Vault maps used:
D:1:      sevenhm_arrival_forest_fort_large_4
D:2:      grunt_temple_overflow_holy_war, grunt_ministairs_8, uniq_jessica,
          uniq_robin, uniq_natasha
D:3:      first_bread, roderic_st_hans_cross
D:4:      kennysheep_little_box, minmay_temple_entry_crystal_x,
          portal_sewer_entry_c, serial_shops, shop
D:5:      bloody_makhleb
D:6:      okawaru_gym_becter, uniq_sigmund, uniq_prince_ribbit1
D:7:      nicolae_whirlpool, gammafunk_temple_overflow_wave, serial_shops, shop,
          the_bakery, grunt_ministairs_15
D:8:      kennysheep_mini_moat
D:9:      grunt_lair_entry_orc_guard_hut, moated_statue, amethyst_killhole,
          uniq_gastronok, uniq_grum
Lair:1:   st_stairs_5, cheibrodos_lair_lostbears, uniq_sonja
Lair:2:   enter_volcano_3
Lair:3:   minmay_shoals_entry_lonely_mermaid, beast_lair_carwin_6,
          grunt_megastairs_2, lemuel_fruit_tree
Lair:4:   guppyfry_snake_entry_island, grunt_megastairs_1,
          infiniplex_staircase_pool_2, minmay_lair_oklob_chamber
Sewer:    kennysheep_door_sewer
Volcano:  volcano_lake

Skill      XL: |  1  2  3  4  5  6  7  8  9 10 11 12 |
---------------+-------------------------------------+-----
Axes           | 4 5 6 7 8 10 11 12 13 | 13.5
Fighting       | 4 5 6 7 8 10 11 13 | 13.0
Dodging        | 3 4 5 7 9 10 11 | 11.3
Stealth        | 1 |  1.7
Armour         | 3 4 6 7 8 10 11 12 | 12.9
Polearms       | 2 |  2.6

Action                   |  1- 3 |  4- 6 |  7- 9 | 10-12 || total
-------------------------+-------+-------+-------+-------++-------
Melee: Hand axe          |    61 |   124 |   155 |       ||   340
       Headbutt          |     8 |    24 |    62 |    93 ||   187
       War axe           |       |       |   120 |   349 ||   469
       Glaive            |       |       |       |    58 ||    58
Throw: Javelin           |       |       |       |     8 ||     8
       Tomahawk          |       |       |       |     4 ||     4
Invok: Berserk           |     1 |     2 |     9 |    10 ||    22
       Trog's Hand       |       |     1 |     4 |     6 ||    11
       Brothers in Arms  |       |       |       |     2 ||     2
       Burn Spellbooks   |       |       |       |     1 ||     1
Evoke: Wand              |       |       |       |     3 ||     3
  Use: Scroll            |     2 |       |     9 |    11 ||    22
       Potion            |       |       |     1 |     2 ||     3
  Eat: Bread ration      |     1 |     1 |     2 |     1 ||     5
       Chunk             |       |     5 |    10 |    24 ||    39
       Meat ration       |       |       |     1 |     3 ||     4
Armor: Animal skin       |     9 |       |       |       ||     9
       Scale mail        |     5 |    48 |     2 |       ||    55
       Chain mail        |       |       |    82 |   184 ||   266
Dodge: Dodged            |    41 |    52 |   259 |   490 ||   842
